 Dungeon Crawl Stone Soup version 0.26-a0-949-ga0cc1ef5f6 (webtiles) character file.

Game seed: 16144368337017195596

284 mg7810 the Skirmisher (level 6, -6/48 HPs)
             Began as a Demonspawn Monk on Nov 28, 2020.
             Was a Believer of Nemelex Xobeh.
             Mangled by a wyvern (9 damage)
             ... summoned by the player character
             ... on level 5 of the Dungeon.
             The game lasted 00:12:11 (3377 turns).

mg7810 the Skirmisher (Demonspawn Monk)             Turns: 3377, Time: 00:12:11

Health: -6/48      AC: 10    Str: 11 (13) XL:     6   Next: 7%
Magic:  6/6        EV:  6    Int: 10 (11) God:    Nemelex Xobeh [**....]
Gold:   137        SH:  0    Dex: 15 (16) Spells: 5/5 levels left

rFire    + . .     SeeInvis .   a - +0 hand axe
rCold    . . .     Faith    .   (no shield)
rNeg     . . .     Spirit   .   t - +0 chain mail
rPois    .         Reflect  .   (helmet restricted)
rElec    .         Harm     .   (no cloak)
rCorr    .         Rampage  .   (no gloves)
MR       .....                  (no boots)
Stlth    ..........             (no amulet)
HPRegen  0.16/turn              (no ring)
MPRegen  0.10/turn              (no ring)

@: no status effects
A: antennae 1, yellow scales 1, fire resistance 1, mutation resistance 2
a: Draw Escape, Draw Destruction, Draw Summoning, Renounce Religion


You were on level 5 of the Dungeon.
You worshipped Nemelex Xobeh.
Nemelex Xobeh was pleased with you.
You visited 1 branch of the dungeon, and saw 4 of its levels.

You collected 137 gold pieces.

Inventory:

Hand Weapons
 a - a +0 hand axe (weapon)
Missiles
 c - 6 silver javelins (quivered)
 j - 24 poisoned darts
 s - 8 datura-tipped darts
Armour
 b - a +0 robe
 t - a +0 chain mail (worn)
Jewellery
 u - an uncursed ring of resist corrosion {unknown}
Wands
 w - a wand of digging (6)
Scrolls
 d - a scroll of remove curse {unknown}
 g - 2 scrolls of immolation {unknown}
 h - 2 scrolls of fear {unknown}
 i - a scroll of amnesia {unknown}
 m - 2 scrolls of blinking
 o - 2 scrolls of identify {unknown}
 p - 2 scrolls of teleportation
 q - a scroll of enchant armour {unknown}
 r - a scroll of magic mapping {unknown}
 v - a scroll of enchant weapon {unknown}
Potions
 f - 2 potions of curing
 l - a potion of magic {unknown}
 n - a potion of ambrosia {unknown}


   Skills:
 + Level 4.0 Fighting
 + Level 3.9 Axes
 * Level 2.0 Throwing
 * Level 1.9 Armour
 + Level 3.4 Dodging
 - Level 2.0 Stealth
 * Level 1.2 Invocations


You had 5 spell levels left.
You didn't know any spells.
Your spell library was empty.

Dungeon Overview and Level Annotations

Branches:
Dungeon (3/15)             Temple (0/1) D:5

Altars:
Nemelex Xobeh

Annotations:
D:5 Edmund


Innate Abilities, Weirdness & Mutations

You have a pair of small antennae on your head.
You are partially covered in yellow scales. (AC +2)
Your flesh is heat resistant. (rF+)
You are somewhat resistant to both further mutation and mutation removal.


Message History

It was a potion of degeneration.
There was something very wrong with that liquid.
You feel weakened.
You feel dopey.
You feel clumsy.
The centaur hits something.
You hear a twanging sound.
The jackal bites something but does no damage.
The wyvern bites you.
* * * LOW HITPOINT WARNING * * *
Edmund hits something with a +3 vorpal flail.
The centaur closely misses something.
It was a potion of mutation.
You feel extremely strange.
You feel genetically stable. x2
You hear a twanging sound.
The jackal bites something.
The wyvern barely misses you.
The centaur hits something but does no damage.
Edmund hits something with a +3 vorpal flail!
You hear a twanging sound.
The jackal misses something.
The wyvern bites you!
You die...
Your body disappears without a glow.

#..⌠...⌠..#.#
#.........#.#
.....c......#
#....l....#.#
#..⌠...@c.#.#
.....ll(h...#
#....r{{@.###
##.##.##l###
#..@...#
#####...#
...... ...###
#.## .# ..


You could see Edmund (misshapen), a wyvern (summoned), a centaur and a jackal.

Vanquished Creatures
  A phantom (D:2)
  An orc priest (D:3)
  6 adders
  An ufetubus (D:5)
  An ooze (D:2)
  2 worms
  2 dart slugs (D:1)
  A leopard gecko (D:1)
  4 orcs (D:3)
  2 ball pythons (D:1)
  13 giant cockroaches
  11 goblins
  7 hobgoblins
  11 jackals
  2 quokkas
  8 bats
  2 frilled lizards
  3 kobolds
  5 rats
83 creatures vanquished.

Vanquished Creatures (collateral kills)
  An adder (D:5)
  A jackal (D:5)
2 creatures vanquished.

Grand Total: 85 creatures vanquished

Notes
Turn   | Place    | Note
-------+----------+-------------------------------------------
     0 | D:1      | mg7810 the Demonspawn Monk began the quest for the Orb.
     0 | D:1      | Reached XP level 1. HP: 18/18 MP: 1/1
   221 | D:1      | Gained mutation: You have a pair of small antennae on your
                  | head. [demonic ancestry]
   221 | D:1      | Reached XP level 2. HP: 17/24 MP: 2/2
  1094 | D:1      | Reached XP level 3. HP: 29/29 MP: 3/3
  1458 | D:2      | Noticed a phantom
  1519 | D:2      | Killed a phantom
  1520 | D:2      | Reached skill level 1 in Throwing
  1520 | D:2      | Reached skill level 1 in Armour
  1520 | D:2      | Gained mutation: Your flesh is heat resistant. (rF+)
                  | [demonic ancestry]
  1520 | D:2      | Reached XP level 4. HP: 19/37 MP: 4/4
  1724 | D:2      | Gained mutation: You are partially covered in yellow
                  | scales. (AC +2) [demonic ancestry]
  1724 | D:2      | Reached XP level 5. HP: 33/42 MP: 5/5
  1917 | D:2      | HP: 1/42 [worm (10)]
  2507 | D:2      | Found a sparkling altar of Nemelex Xobeh.
  2565 | D:2      | Became a worshipper of Nemelex Xobeh the Trickster
  2565 | D:2      | Reached * piety under Nemelex Xobeh
  2565 | D:2      | Received a gift from Nemelex Xobeh
  2565 | D:2      | Reached ** piety under Nemelex Xobeh
  3214 | D:3      | Reached XP level 6. HP: 26/48 MP: 6/6
  3215 | D:3      | Reached skill level 1 in Invocations
  3231 | D:3      | Found a faded altar of an unknown god.
  3362 | D:3      | Reached skill level 4 in Fighting
  3363 | D:3      | You fall into a shaft and drop 2 floors!
  3363 | D:5      | Entered Level 5 of the Dungeon
  3363 | D:5      | Found a staircase to the Ecumenical Temple.
  3363 | D:5      | Noticed Edmund
  3369 | D:5      | Noticed a wyvern
  3369 | D:5      | Noticed a wyvern
  3376 | D:5      | HP: 2/48 [wyvern[the player character] (4)]
  3377 | D:5      | Gained mutation: You are somewhat resistant to further
                  | mutation. [potion of mutation]
  3377 | D:5      | Gained mutation: You are somewhat resistant to both further
                  | mutation and mutation removal. [potion of mutation]
  3377 | D:5      | Mangled by a wyvern

Illustrated notes

Levels and vault maps discovered:
D:1:      elethiomel_arrival_quiet, layout_rooms, st_stairs_2,
          kennysheep_nondescript
D:2:      layout_basic, nemelex_altar_shiori
D:3:      minmay_roachtagon, layout_loops_cross, lemuel_round_altar,
          gammafunk_temple_overflow_forgotten, chequers_ecumenical_altar_island,
          makhleb_altar_promises_db
D:5:      layout_loops_ring, marbit_many_paths, minmay_temple_entry_large_hall,
          gammafunk_ghost_stat_death, cheibrodos_sewer_entry_sluice, uniq_edmund

Skill      XL: |  1  2  3  4  5  6 |
---------------+-------------------+-----
Axes           | 3 |  3.9
Dodging        | 3 |  3.4
Stealth        | 2 |  2.0
Throwing       | 1 2 |  2.0
Armour         | 1 |  1.9
Invocations    | 1 |  1.2
Fighting       | 4 |  4.0

Action                   |  1- 3 |  4- 6 || total
-------------------------+-------+-------++-------
Melee: Hand axe          |    98 |   209 ||   307
Throw: Javelin           |     7 |     5 ||    12
       Dart              |     1 |       ||     1
Invok: Draw Destruction  |       |     4 ||     4
       Draw Summoning    |       |     2 ||     2
  Use: Potion            |     2 |     4 ||     6
       Scroll            |       |     2 ||     2
 Stab: Sleeping          |     3 |     1 ||     4
Armor: Robe              |     9 |       ||     9
       Ring mail         |    16 |    68 ||    84
       Chain mail        |       |    61 ||    61
Dodge: Dodged            |    58 |   148 ||   206

Table legend: (Time is in decaauts)
 A = Elapsed time spent in this place.
 B = Non-inter-level travel time spent in this place.
 C = Inter-level travel time spent in this place.
 D = Time resting spent in this place.
 E = Time spent auto-exploring this place.
 F = Levels seen in this place.
 G = Mean time per level.
                   A        B        C        D        E       F      G
               +--------+--------+--------+--------+--------+-----+--------+
         Total |   3420 |   3299 |    121 |      0 |   2410 |   4 |  855.0 |
       Dungeon |   3420 |   3299 |    121 |      0 |   2410 |   4 |  855.0 |
               +--------+--------+--------+--------+--------+-----+--------+

Top non-repeatable levels by time:
     D:1: 1577 daAuts
     D:2: 1247 daAuts
     D:3: 582 daAuts
     D:5: 14 daAuts
